[Event "27th Fajr Cup Masters 2019"]
[Site "Tehran"]
[Date "2019.02.06"]
[Round "2.1"]
[White "Akbari Gelvardi, Mohammad"]
[Black "Kuzubov, Yuriy"]
[Result "0-1"]
[ECO "B15"]
[WhiteElo "2289"]
[BlackElo "2650"]
[Annotator "ChessBase"]
[PlyCount "158"]
[EventDate "2019.02.05"]
[EventType "swiss"]
[EventCountry "IRI"]
[SourceTitle "playchess.com"]
[Source "ChessBase"]
[SourceQuality "1"]
[TimeControl "5400+30"]

1. e4 c6 2. d4 d5 3. Nc3 dxe4 4. Nxe4 Nf6 5. Ng3 Bg4 6. Be2 Bxe2 7. N1xe2 e6 8. O-O Be7 9. c4 O-O 10. Be3 Nbd7 11. Nc3 Qa5 12. Qe2 Rfe8 13. Rfd1 Bb4 14. Nce4 Bf8 15. a3 Nxe4 16. Nxe4 Qf5 17. Ng3 Qg6 18. Bf4 a5 19. Rac1 a4 20. Rc3 c5 21. Nh5 cxd4 22. Rg3 e5 23. Rxg6 hxg6 24. Qg4 Rad8 25. Bg5 gxh5 26. Qxh5 f6 27. Bd2 Nc5 28. Bb4 Ne6 29. Qf5 b6 30. Bxf8 Kxf8 31. h4 Rd6 32. h5 Ng5 33. f4 Nf7 34. fxe5 Nxe5 35. h6 gxh6 36. Qf4 d3 37. Qxh6+ Kg8 38. Qf4 Red8 39. Rd2 Kf7 40. Qh4 Rg8 41. Qh5+ Ke6 42. Qh3+ Rg4 43. Kf2 Kd7 44. Qh7+ Kc6 45. Qf5 Kb7 46. Qh7+ Rd7 47. Qf5 Rxc4 48. Kg1 Rdd4 49. g3 Rc6 50. Kg2 Rcd6 51. Qh7+ Rd7 52. Qg8 Rg4 53. Qe6 Rdg7 54. Qd5+ Ka7 55. Rd1 Rxg3+ 56. Kf2 Rf3+ 57. Qxf3 Nxf3 58. Kxf3 Rd7 59. Rd2 Ka6 60. Kf2 Rc7 61. Rxd3 Rc2+ 62. Ke1 Rxb2 63. Rf3 Rb3 64. Rxf6 Rxa3 65. Kd2 Rb3 66. Kc2 Ka5 67. Rf4 b5 68. Rh4 Rb4 69. Rh8 Rg4 70. Rh2 Rg5 71. Kb2 b4 72. Ka2 Kb5 73. Rf2 a3 74. Kb3 Rg3+ 75. Ka2 Ka4 76. Rf4 Rc3 77. Rh4 Rc2+ 78. Kb1 Rd2 79. Kc1 a2 0-1

[Event "27th Fajr Cup Masters 2019"]
[Site "Tehran"]
[Date "2019.02.06"]
[Round "2.2"]
[White "Ponkratov, Pavel"]
[Black "Daneshvar, Bardiya"]
[Result "1-0"]
[ECO "B12"]
[WhiteElo "2630"]
[BlackElo "2283"]
[Annotator "RC"]
[PlyCount "110"]
[EventDate "2019.02.05"]
[EventType "swiss"]
[EventCountry "IRI"]
[SourceTitle "playchess.com"]
[Source "ChessBase"]
[SourceQuality "1"]
[TimeControl "5400+30"]

1. e4 c6 2. d4 d5 3. e5 Bf5 4. Nf3 e6 5. Be2 c5 6. O-O Qb6 7. c4 dxc4 8. Na3 Nc6 9. Nxc4 Qc7 10. Be3 O-O-O 11. Rc1 Kb8 12. Qd2 Bg4 13. Nd6 Bxf3 14. Bxf3 Bxd6 15. exd6 Qxd6 16. Bxc6 Qxc6 17. Qa5 Nf6 18. Bf4+ Ka8 19. dxc5 Rd4 20. Be5 Rd5 21. Bxf6 gxf6 22. Rfd1 h5 23. Rxd5 Qxd5 24. Qc7 h4 25. c6 bxc6 26. Qxc6+ Qxc6 27. Rxc6 Rd8 28. Kf1 Kb7 29. Rc4 Rd1+ 30. Ke2 Rb1 31. Rb4+ Kc6 32. Kf3 f5 33. Rxh4 Rxb2 34. Ra4 Rb7 35. h4 e5 36. Ra6+ Kd5 37. h5 Rb1 38. Rf6 Rh1 39. Rxf5 Ke6 40. Kg4 f6 41. Rf3 e4 42. Ra3 Rh2 43. Ra6+ Kf7 44. Rxa7+ Ke6 45. Ra6+ Ke7 46. Kf5 Rxg2 47. h6 Rxf2+ 48. Kxe4 Kf7 49. Ra7+ Kg8 50. a4 Rh2 51. h7+ Kh8 52. a5 Rh5 53. Kd4 Rg5 54. Kc4 f5 55. Rf7 Rg6 1-0

[Event "27th Fajr Cup Masters 2019"]
[Site "Tehran"]
[Date "2019.02.06"]
[Round "2.9"]
[White "Vojdani, Siavosh"]
[Black "Tahbaz, Arash"]
[Result "0-1"]
[ECO "B92"]
[WhiteElo "2205"]
[BlackElo "2484"]
[Annotator "RC"]
[PlyCount "170"]
[EventDate "2019.02.05"]
[EventType "swiss"]
[EventCountry "IRI"]
[SourceTitle "playchess.com"]
[Source "ChessBase"]
[SourceQuality "1"]
[TimeControl "5400+30"]

1. e4 c5 2. Nf3 d6 3. d4 cxd4 4. Nxd4 Nf6 5. Nc3 a6 6. Be2 e5 7. Nb3 Be7 8. O-O O-O 9. Re1 a5 10. a4 Nc6 11. Bg5 Be6 12. Bf3 Rc8 13. Nb5 Ne8 14. Be3 h6 15. Re2 Bg5 16. Bxg5 Qxg5 17. c3 Nf6 18. Re3 Rfd8 19. Nd2 d5 20. Rd3 d4 21. cxd4 exd4 22. Be2 Nb4 23. Nf3 Qf4 24. Rxd4 Rxd4 25. Nbxd4 Qxe4 26. Nxe6 Qxe6 27. b3 Qb6 28. Bc4 Rd8 29. Qf1 Ne4 30. Re1 Nd6 31. Ne5 Qd4 32. Qe2 Re8 33. Rd1 Qc3 34. Qf3 Qxe5 35. Rxd6 Qe1+ 36. Bf1 Qe7 37. Rd2 Rc8 38. Re2 Qd7 39. Re1 Nc2 40. Rc1 Rc6 41. Qd1 Qc7 42. Bd3 Nd4 43. Rxc6 Qxc6 44. Bc4 Qf6 45. Qe1 Qd8 46. h3 b6 47. Qe4 Qd7 48. Qa8+ Kh7 49. Qe4+ g6 50. Qf4 Nf5 51. Qb8 Qd1+ 52. Kh2 Qd6+ 53. Qxd6 Nxd6 54. Bd3 Kg7 55. Kg3 Kf6 56. f4 Ke6 57. Kf3 Kd5 58. Ke3 Kc5 59. Bc2 Ne8 60. f5 g5 61. Kd3 h5 62. Bd1 h4 63. Bf3 f6 64. Kc3 Nd6 65. Bg4 Ne4+ 66. Kd3 Nd6 67. Kc3 b5 68. axb5 Nxb5+ 69. Kb2 Kb4 70. Bf3 Nd4 71. Bd5 Nxf5 72. Bc6 Ne3 73. Be4 f5 74. Bd3 g4 75. Bxf5 Nxf5 76. hxg4 Ne7 77. g5 Kc5 78. Ka3 Kd5 79. Ka4 Nc6 80. Kb5 Nd4+ 81. Kxa5 Nxb3+ 82. Kb4 Nd4 83. Kc3 Ke5 84. Kd3 Ne6 85. Ke3 Nxg5 {[%emt 0:00:05] Kd4+} 0-1

[Event "27th Fajr Cup Masters 2019"]
[Site "Tehran"]
[Date "2019.02.06"]
[Round "3.2"]
[White "Khodashenas, Mersad"]
[Black "Ponkratov, Pavel"]
[Result "1/2-1/2"]
[ECO "C28"]
[WhiteElo "2455"]
[BlackElo "2630"]
[Annotator "ChessBase"]
[PlyCount "81"]
[EventDate "2019.02.05"]
[EventType "swiss"]
[EventCountry "IRI"]
[SourceTitle "playchess.com"]
[Source "ChessBase"]
[SourceQuality "1"]
[TimeControl "5400+30"]

1. e4 e5 2. Nc3 Nf6 3. Bc4 Nc6 4. d3 Na5 5. Nge2 c6 6. a4 d5 7. exd5 cxd5 8. Bb5+ Nc6 9. f4 exf4 10. Bxf4 a6 11. Bxc6+ bxc6 12. d4 Be7 13. O-O a5 14. Ng3 O-O 15. Qd2 Ne8 16. Rae1 Ra7 17. Nd1 f6 18. Ne2 Nd6 19. Bxd6 Bxd6 20. Nf4 Re8 21. Rxe8+ Qxe8 22. Re1 Qd8 23. Nf2 Bf5 24. N4d3 Qc7 25. g3 Ra8 26. Re3 h5 27. Qe2 Qf7 28. Kg2 Kh7 29. Qf3 g6 30. Re1 Re8 31. Re3 Kg7 32. Qe2 Rxe3 33. Qxe3 g5 34. c3 h4 35. b4 hxg3 36. hxg3 Qc7 37. Nc5 Kf7 38. Qf3 Kg6 39. Qe3 Kf7 40. Qf3 Kg6 41. Qe3 1/2-1/2

[Event "27th Fajr Cup Masters 2019"]
[Site "Tehran"]
[Date "2019.02.06"]
[Round "3.4"]
[White "Ter-Sahakyan, Samvel"]
[Black "Hosseinzadeh, Nima"]
[Result "1/2-1/2"]
[ECO "C50"]
[WhiteElo "2593"]
[BlackElo "2331"]
[Annotator "ChessBase"]
[PlyCount "155"]
[EventDate "2019.02.05"]
[EventType "swiss"]
[EventCountry "IRI"]
[SourceTitle "playchess.com"]
[Source "ChessBase"]
[SourceQuality "1"]
[TimeControl "5400+30"]

1. e4 e5 2. Nf3 Nc6 3. Bc4 Bc5 4. d3 Nf6 5. Nc3 d6 6. Na4 Bb6 7. a3 h6 8. O-O O-O 9. b4 Be6 10. Ba2 Bxa2 11. Rxa2 Ne7 12. c4 Ng6 13. c5 dxc5 14. bxc5 Ba5 15. Nb2 c6 16. Nc4 Bc7 17. a4 Qd7 18. Rb2 Rab8 19. Rb3 Rfd8 20. Qc2 b5 21. cxb6 axb6 22. Bb2 Qe6 23. d4 Nxe4 24. Re3 Nf6 25. dxe5 Nd5 26. Nd4 Nxe3 27. fxe3 Qe8 28. e6 fxe6 29. Qc3 e5 30. Nf5 Qe6 31. e4 Rd7 32. Nce3 Nf4 33. Kh1 Kh7 34. Nxg7 Rxg7 35. Rxf4 Rd8 36. Rf1 Rgd7 37. Qe1 Bd6 38. Nf5 Bc5 39. h3 Qc4 40. Kh2 Qe6 41. Bc1 Rd1 42. Qe2 Rxf1 43. Qxf1 Bf8 44. Qa6 Rd1 45. Be3 c5 46. a5 Rb1 47. Qb7+ Kg8 48. a6 Ra1 49. a7 Qa2 50. Qxb6 Qxa7 51. Qg6+ Kh8 52. Qe8 Qa8 53. Qxe5+ Kh7 54. Qc7+ Kg8 55. Bxh6 Ra7 56. Qg3+ Kh7 57. Qh4 Bxh6 58. Qxh6+ Kg8 59. Qg6+ Kh8 60. e5 Qb8 61. Qh6+ Kg8 62. Qg5+ Kh8 63. Ne7 Rxe7 64. Qxe7 Qb6 65. Qd6 Qb4 66. e6 Qe4 67. e7 Kg7 68. Qxc5 Kf7 69. Qd6 Qc4 70. Qe5 Ke8 71. g4 Qd3 72. Kg2 Qb3 73. Qe4 Qc3 74. Qe2 Qb3 75. Qe4 Qc3 76. Kh2 Qc7+ 77. Kh1 Qc1+ 78. Kg2 1/2-1/2

[Event "27th Fajr Cup Masters 2019"]
[Site "Tehran"]
[Date "2019.02.06"]
[Round "3.6"]
[White "Mosadeghpour, Masoud"]
[Black "Mozaffari, Alireza"]
[Result "1-0"]
[ECO "B95"]
[WhiteElo "2531"]
[BlackElo "2181"]
[Annotator "RC"]
[PlyCount "61"]
[EventDate "2019.02.05"]
[EventType "swiss"]
[EventCountry "IRI"]
[SourceTitle "playchess.com"]
[Source "ChessBase"]
[SourceQuality "1"]
[TimeControl "5400+30"]

1. e4 c5 2. Nf3 d6 3. d4 cxd4 4. Nxd4 Nf6 5. Nc3 a6 6. Bg5 e6 7. Qf3 Be7 8. O-O-O Qc7 9. Bd3 Nbd7 10. Qg3 b5 11. Rhe1 h6 12. Bd2 Ne5 13. Kb1 b4 14. Nce2 a5 15. f4 Nxd3 16. cxd3 Ba6 17. Rc1 Qb7 18. e5 Nd7 19. Qxg7 Bxd3+ 20. Ka1 Rh7 21. Qg8+ Bf8 22. f5 Rg7 23. Qh8 dxe5 24. Bxh6 Rxg2 25. fxe6 fxe6 26. Bxf8 exd4 27. Nf4 Nxf8 28. Rxe6+ Kf7 29. Rf6+ Ke7 30. Re1+ Be2 31. Rxe2+ 1-0

[Event "27th Fajr Cup Masters 2019"]
[Site "Tehran"]
[Date "2019.02.08"]
[Round "5.1"]
[White "Kuzubov, Yuriy"]
[Black "Lorparizangeneh, Shahin"]
[Result "1/2-1/2"]
[ECO "B12"]
[WhiteElo "2650"]
[BlackElo "2493"]
[Annotator "RC"]
[PlyCount "131"]
[EventDate "2019.02.05"]
[EventType "swiss"]
[EventCountry "IRI"]
[SourceTitle "playchess.com"]
[Source "ChessBase"]
[SourceQuality "1"]
[TimeControl "5400+30"]

1. e4 c6 2. d4 d5 3. e5 c5 4. dxc5 e6 5. a3 Bxc5 6. b4 Be7 7. Nf3 a5 8. b5 Nd7 9. Bd3 Qc7 10. Qe2 Nc5 11. O-O a4 12. Be3 b6 13. Nbd2 Bb7 14. Rfc1 Rd8 15. c3 Nh6 16. Bc2 Nf5 17. Bd4 h5 18. Bxf5 exf5 19. Qe3 Rc8 20. Ne1 Ne6 21. Ndf3 f4 22. Qd2 g5 23. Nd3 h4 24. h3 Bc5 25. Nh2 Qe7 26. Qb2 Kf8 27. Ng4 Kg7 28. Nf6 Qd8 29. Qe2 Bxd4 30. cxd4 Nxd4 31. Qg4 Ne6 32. Rxc8 Bxc8 33. Rc1 Bb7 34. Nb4 Qe7 35. Qf5 Rh6 36. Qd3 Nc5 37. Qf5 Rg6 38. Nc6 Qe6 39. Nd4 Qe7 40. Ng4 Nb3 41. Nxb3 axb3 42. Qd3 b2 43. Rb1 Bc8 44. Qd4 Bxg4 45. hxg4 Re6 46. Rxb2 Qxa3 47. Rb1 Qa2 48. Rd1 Qe2 49. Qxd5 Qxg4 50. Rc1 h3 51. Rc6 Qxg2+ 52. Qxg2 hxg2 53. Kxg2 Kg6 54. Kh3 Kf5 55. Rc7 Kg6 56. Rb7 Rxe5 57. Rxb6+ Kf5 58. Rb7 g4+ 59. Kh4 f6 60. Rh7 Kg6 61. Rc7 Kf5 62. b6 Rb5 63. b7 Rb1 64. Rc5+ Ke6 65. Kxg4 Rxb7 66. Kxf4 {[%emt 0:00:04] Kd5} 1/2-1/2

[Event "27th Fajr Cup Masters 2019"]
[Site "Tehran"]
[Date "2019.02.08"]
[Round "5.4"]
[White "Harutjunyan, Gevorg"]
[Black "Ghaem Maghami, Ehsan"]
[Result "0-1"]
[ECO "A05"]
[WhiteElo "2449"]
[BlackElo "2540"]
[Annotator "RC"]
[PlyCount "74"]
[EventDate "2019.02.05"]
[EventType "swiss"]
[EventCountry "IRI"]
[SourceTitle "playchess.com"]
[Source "ChessBase"]
[SourceQuality "1"]
[TimeControl "5400+30"]

1. Nf3 Nf6 2. g3 b5 3. Bg2 Bb7 4. O-O e6 5. d3 c5 6. e4 d6 7. Nh4 Nc6 8. f4 Be7 9. Nd2 O-O 10. Kh1 d5 11. e5 Nd7 12. Ndf3 d4 13. Qe2 Re8 14. Bd2 c4 15. Be1 Rc8 16. Nd2 Qc7 17. a3 Nc5 18. Bf2 Red8 19. Nhf3 c3 20. bxc3 dxc3 21. Bxc5 cxd2 22. Be3 Na5 23. Ra2 Bd5 24. Rb2 a6 25. Bxd2 Bxa3 26. Rbb1 Qxc2 27. f5 Nb3 28. Rxb3 Qxb3 29. f6 Bf8 30. fxg7 Bxg7 31. Bg5 Rc2 32. Qe3 Qa2 33. Rg1 Re2 34. Qf4 Rxg2 35. Rxg2 Qb1+ 36. Ng1 Rc8 37. Bh6 Rc2 0-1

[Event "27th Fajr Cup Masters 2019"]
[Site "Tehran"]
[Date "2019.02.09"]
[Round "7.1"]
[White "Fedorchuk, Sergey A."]
[Black "Ghaem Maghami, Ehsan"]
[Result "1/2-1/2"]
[ECO "B48"]
[WhiteElo "2604"]
[BlackElo "2540"]
[Annotator "ChessBase"]
[PlyCount "87"]
[EventDate "2019.02.05"]
[EventType "swiss"]
[EventCountry "IRI"]
[SourceTitle "playchess.com"]
[Source "ChessBase"]
[SourceQuality "1"]
[TimeControl "5400+30"]

1. e4 c5 2. Nf3 e6 3. d4 cxd4 4. Nxd4 Nc6 5. Nc3 Qc7 6. Be3 a6 7. Qf3 Bd6 8. O-O-O Be5 9. Nxc6 bxc6 10. Bd4 Bxd4 11. Rxd4 Nf6 12. Qg3 Qxg3 13. hxg3 d5 14. Ra4 Kd8 15. Be2 h6 16. f4 a5 17. Bf3 Bb7 18. Ra3 Kc7 19. Re1 Rhe8 20. Na4 Ba6 21. Nc5 Bb5 22. exd5 cxd5 23. Rc3 Kb6 24. Nxe6 fxe6 25. Rxe6+ Ka7 26. Rc7+ Kb8 27. Rxg7 Ra6 28. Rxa6 Bxa6 29. Rg6 Rf8 30. Rxh6 Bc8 31. Rg6 Bf5 32. Rg7 Be4 33. g4 Rc8 34. g5 Ne8 35. Re7 Nd6 36. Bxe4 dxe4 37. g4 Rg8 38. b3 Kc8 39. Kd2 Rh8 40. g6 Rh2+ 41. Kc3 Rg2 42. g5 Rg3+ 43. Kb2 Nf5 44. Rf7 1/2-1/2

[Event "27th Fajr Cup Masters 2019"]
[Site "Tehran"]
[Date "2019.02.09"]
[Round "7.2"]
[White "Asgarizadeh, Ahmad"]
[Black "Ponkratov, Pavel"]
[Result "1/2-1/2"]
[ECO "C55"]
[WhiteElo "2423"]
[BlackElo "2630"]
[Annotator "ChessBase"]
[PlyCount "44"]
[EventDate "2019.02.05"]
[EventType "swiss"]
[EventCountry "IRI"]
[SourceTitle "playchess.com"]
[Source "ChessBase"]
[SourceQuality "1"]
[TimeControl "5400+30"]

1. e4 e5 2. Nf3 Nc6 3. Bc4 Nf6 4. d3 h6 5. c3 d6 6. h3 g6 7. O-O Bg7 8. Re1 O-O 9. d4 exd4 10. cxd4 d5 11. exd5 Nxd5 12. Bxd5 Qxd5 13. Nc3 Qd6 14. d5 Ne7 15. Nb5 Qxd5 16. Nxc7 Qxd1 17. Rxd1 Rb8 18. Bf4 Nc6 19. Nb5 Ra8 20. Nc7 Rb8 21. Nb5 Ra8 22. Nc7 Rb8 1/2-1/2

[Event "27th Fajr Cup Masters 2019"]
[Site "Tehran"]
[Date "2019.02.09"]
[Round "7.3"]
[White "Firouzja, Alireza"]
[Black "Alizadeh, Gh"]
[Result "1-0"]
[ECO "B31"]
[WhiteElo "2618"]
[BlackElo "2191"]
[Annotator "ChessBase"]
[PlyCount "71"]
[EventDate "2019.02.05"]
[EventType "swiss"]
[EventCountry "IRI"]
[SourceTitle "playchess.com"]
[Source "ChessBase"]
[SourceQuality "1"]
[TimeControl "5400+30"]

1. e4 c5 2. Nf3 Nc6 3. Bb5 g6 4. Bxc6 dxc6 5. h3 Bg7 6. d3 Nf6 7. Nc3 Nd7 8. Be3 e5 9. Qd2 h6 10. O-O b6 11. Nh2 Nf8 12. f4 exf4 13. Bxf4 g5 14. Bg3 Be6 15. e5 Qd4+ 16. Rf2 O-O-O 17. Nf3 Qb4 18. a3 Qa5 19. Qe1 Kb7 20. b4 cxb4 21. axb4 Qxb4 22. Ra4 Qe7 23. Nd4 Rxd4 24. Rxd4 Qc5 25. Ra4 Ng6 26. Ne4 Qd5 27. Nd6+ Kb8 28. d4 Rd8 29. Qa1 c5 30. Rxa7 Rxd6 31. exd6 Nf4 32. Bxf4 gxf4 33. Rc7 Qa2 34. Qxa2 Bxa2 35. dxc5 bxc5 36. c3 1-0

[Event "27th Fajr Cup Masters 2019"]
[Site "Tehran"]
[Date "2019.02.09"]
[Round "7.5"]
[White "Ter-Sahakyan, Samvel"]
[Black "Darini, Pouria"]
[Result "1/2-1/2"]
[ECO "B51"]
[WhiteElo "2593"]
[BlackElo "2475"]
[Annotator "ChessBase"]
[PlyCount "148"]
[EventDate "2019.02.05"]
[EventType "swiss"]
[EventCountry "IRI"]
[SourceTitle "playchess.com"]
[Source "ChessBase"]
[SourceQuality "1"]
[TimeControl "5400+30"]

1. e4 c5 2. Nf3 d6 3. Bb5+ Nd7 4. c3 Ngf6 5. Bd3 b6 6. O-O Bb7 7. Re1 Rc8 8. Bc2 Qc7 9. Na3 a6 10. d4 cxd4 11. cxd4 e6 12. d5 e5 13. Be3 Ng4 14. Bg5 h6 15. Bh4 Ngf6 16. Rc1 Be7 17. Qd2 Qb8 18. Bb1 O-O 19. Nc4 Rfe8 20. b4 Rc7 21. Rc3 Rec8 22. Rec1 Bd8 23. h3 a5 24. a3 axb4 25. axb4 Ba6 26. Ne3 Bb5 27. Nf5 Rxc3 28. Rxc3 Rxc3 29. Qxc3 Kh7 30. N3d4 exd4 31. Nxd4 Kg8 32. Nxb5 Nxe4 33. Qd4 Bxh4 34. Qxe4 Bf6 35. Qh7+ Kf8 36. Bf5 Ke7 37. Bxd7 Kxd7 38. Qf5+ Ke7 39. Qe4+ Kf8 40. g3 Be5 41. Qc4 g5 42. Qc6 Qd8 43. Kg2 Kg8 44. Nc7 Qf6 45. Qc2 Bc3 46. Qe4 Bd4 47. f4 gxf4 48. Qxf4 Qxf4 49. gxf4 Bc3 50. b5 Kf8 51. Kf3 Ke7 52. Na6 Bd2 53. Nb8 f5 54. Nc6+ Kf6 55. Nd4 Bc3 56. Ne6 Ke7 57. Ke2 Kd7 58. Kd3 Bf6 59. Kd2 Bb2 60. Ke2 Bf6 61. Kf2 Bc3 62. Kf3 Ke7 63. Ke3 Kd7 64. Kf2 Ke7 65. Kg3 Be1+ 66. Kg2 Bc3 67. h4 Kd7 68. h5 Ke7 69. Kf3 Kd7 70. Nf8+ Ke8 71. Ne6 Kd7 72. Ke3 Bf6 73. Kd3 Bb2 74. Kc2 Bf6 1/2-1/2

[Event "27th Fajr Cup Masters 2019"]
[Site "Tehran"]
[Date "2019.02.09"]
[Round "7.6"]
[White "Mosadeghpour, Masoud"]
[Black "Veisi, Bardia"]
[Result "1-0"]
[ECO "B95"]
[WhiteElo "2531"]
[BlackElo "2243"]
[Annotator "ChessBase"]
[PlyCount "89"]
[EventDate "2019.02.05"]
[EventType "swiss"]
[EventCountry "IRI"]
[SourceTitle "playchess.com"]
[Source "ChessBase"]
[SourceQuality "1"]
[TimeControl "5400+30"]

1. e4 c5 2. Nf3 d6 3. d4 cxd4 4. Nxd4 Nf6 5. Nc3 a6 6. Bg5 e6 7. Qf3 Nbd7 8. O-O-O Qc7 9. Bd3 b5 10. Rhe1 Bb7 11. a3 Be7 12. Qg3 Ne5 13. Kb1 O-O 14. f4 Nxd3 15. Rxd3 Rfe8 16. Qh4 Qc4 17. Ree3 h6 18. Bxh6 Nxe4 19. Qg4 Bf8 20. Rxe4 f5 21. Nxf5 exf5 22. Rxc4 bxc4 23. Qxf5 cxd3 24. Bg5 dxc2+ 25. Qxc2 Rab8 26. f5 Bc6 27. Ka2 Re1 28. Qd2 Rg1 29. Qd4 Rxg2 30. Qc4+ Kh8 31. Qxc6 Rxg5 32. Qc7 Ra8 33. Qf7 Rb8 34. Qc7 Re8 35. Qf7 Rb8 36. b4 Rg2+ 37. Kb3 Rxh2 38. Nd5 Rh6 39. Ka4 g5 40. Nf6 Bg7 41. Ne8 Rh7 42. f6 Bh6 43. Qg6 g4 44. f7 Bg7 45. Qf6 1-0

[Event "27th Fajr Cup Masters 2019"]
[Site "Tehran"]
[Date "2019.02.09"]
[Round "7.7"]
[White "Khodashenas, Mersad"]
[Black "Mousavi, Seyed Khalil"]
[Result "1/2-1/2"]
[ECO "B40"]
[WhiteElo "2455"]
[BlackElo "2485"]
[Annotator "ChessBase"]
[PlyCount "27"]
[EventDate "2019.02.05"]
[EventType "swiss"]
[EventCountry "IRI"]
[SourceTitle "playchess.com"]
[Source "ChessBase"]
[SourceQuality "1"]
[TimeControl "5400+30"]

1. e4 c5 2. Nf3 e6 3. d4 cxd4 4. Nxd4 Nf6 5. Nc3 Nc6 6. Nxc6 bxc6 7. e5 Nd5 8. Ne4 Qc7 9. f4 Qb6 10. c4 Bb4+ 11. Ke2 f5 12. exf6 Nxf6 13. Be3 Qa5 14. Nxf6+ 1/2-1/2

[Event "27th Fajr Cup Masters 2019"]
[Site "Tehran"]
[Date "2019.02.10"]
[Round "8.3"]
[White "Ghaem Maghami, Ehsan"]
[Black "Mosadeghpour, Masoud"]
[Result "1/2-1/2"]
[ECO "D02"]
[WhiteElo "2540"]
[BlackElo "2531"]
[Annotator "ChessBase"]
[PlyCount "26"]
[EventDate "2019.02.05"]
[EventType "swiss"]
[EventCountry "IRI"]
[SourceTitle "playchess.com"]
[Source "ChessBase"]
[SourceQuality "1"]
[TimeControl "5400+30"]

1. Nf3 d5 2. d4 Nf6 3. c4 e6 4. g3 Bb4+ 5. Bd2 Be7 6. Bg2 O-O 7. O-O c6 8. Qc2 Nbd7 9. Bg5 b6 10. Nc3 Ba6 11. cxd5 cxd5 12. Rfc1 b5 13. a3 h6 1/2-1/2

[Event "27th Fajr Cup Masters 2019"]
[Site "Tehran"]
[Date "2019.02.10"]
[Round "8.4"]
[White "Mousavi, Seyed Khalil"]
[Black "Asgarizadeh, Ahmad"]
[Result "1/2-1/2"]
[ECO "A13"]
[WhiteElo "2485"]
[BlackElo "2423"]
[Annotator "ChessBase"]
[PlyCount "44"]
[EventDate "2019.02.05"]
[EventType "swiss"]
[EventCountry "IRI"]
[SourceTitle "playchess.com"]
[Source "ChessBase"]
[SourceQuality "1"]
[TimeControl "5400+30"]

1. c4 e6 2. Nf3 d5 3. e3 Nf6 4. b3 Be7 5. Bb2 O-O 6. Be2 dxc4 7. Bxc4 c5 8. O-O a6 9. a4 Nc6 10. d4 cxd4 11. Nxd4 Nxd4 12. Bxd4 Bd7 13. Nd2 Bc6 14. Qe2 Nd7 15. Rfd1 Bf6 16. Nf3 Qa5 17. e4 Rac8 18. Qe3 Rfd8 19. h3 Ne5 20. Nxe5 Bxe5 21. Bb6 Rxd1+ 22. Rxd1 Qc3 1/2-1/2

[Event "27th Fajr Cup Masters 2019"]
[Site "Tehran"]
[Date "2019.02.10"]
[Round "8.6"]
[White "Malakhatko, Vadim"]
[Black "Khodashenas, Mersad"]
[Result "1-0"]
[ECO "D20"]
[WhiteElo "2525"]
[BlackElo "2455"]
[Annotator "RC"]
[PlyCount "211"]
[EventDate "2019.02.05"]
[EventType "swiss"]
[EventCountry "IRI"]
[SourceTitle "playchess.com"]
[Source "ChessBase"]
[SourceQuality "1"]
[TimeControl "5400+30"]

1. d4 d5 2. c4 dxc4 3. e4 Nf6 4. e5 Nd5 5. Bxc4 Bf5 6. Ne2 e6 7. O-O Nb6 8. Bb3 c5 9. Be3 c4 10. Bxc4 Nxc4 11. Qa4+ Nc6 12. Qxc4 Rc8 13. Qa4 Qb6 14. d5 Qb4 15. Qxb4 Nxb4 16. Nbc3 Nxd5 17. Nxd5 exd5 18. Rfc1 Rc4 19. Bxa7 Bb4 20. b3 Rxc1+ 21. Rxc1 Kd7 22. Bc5 Bd2 23. Rd1 Bh6 24. Be3 Bxe3 25. fxe3 Rc8 26. Rxd5+ Ke8 27. Rd2 Rc5 28. Nd4 Be4 29. a4 Ke7 30. Rd1 Rxe5 31. b4 Rg5 32. Rd2 Rg6 33. a5 Ra6 34. Nb3 Rd6 35. Kf2 f5 36. Rd4 Rxd4 37. Nxd4 Kd6 38. h4 g6 39. g3 Kd5 40. b5 Bd3 41. Kf3 Kc5 42. a6 bxa6 43. bxa6 Bxa6 44. Ne6+ Kd6 45. Nf8 Ke5 46. Nxh7 Bb7+ 47. Ke2 Ba6+ 48. Kd2 Bc4 49. Ng5 Bg8 50. Kc3 Bd5 51. Kb4 Kd6 52. Kb5 Ba2 53. Kb4 Bd5 54. Nh3 Bf7 55. Kb5 Bd5 56. Kb4 Ke5 57. Ng5 Kd6 58. Kc3 Ke5 59. Kd3 Bg8 60. Ke2 Bc4+ 61. Kf2 Bd5 62. Nf3+ Kf6 63. Ke2 Bc4+ 64. Ke1 Bd5 65. Kf2 Bc4 66. Nd4 Bd5 67. Ne2 Ke5 68. Nf4 Bf7 69. Kf3 Kf6 70. Nd3 g5 71. Kf2 Be8 72. Ne1 Kg6 73. Nf3 gxh4 74. gxh4 Kh5 75. Kg3 Bc6 76. Nd4 Bd7 77. Ne2 Kg6 78. Nf4+ Kf6 79. Kf3 Bc6+ 80. Ke2 Bb5+ 81. Kf3 Bc6+ 82. Kg3 Bd7 83. Nd5+ Ke5 84. h5 Be8 85. h6 Bg6 86. Nf4 Bh7 87. Nh5 f4+ 88. Nxf4 Kf6 89. Kg4 Be4 90. Nh5+ Ke6 91. Kg5 Bb1 92. Nf6 Kf7 93. Nd5 Ke6 94. Nf6 Kf7 95. e4 Ba2 96. Nh5 Kg8 97. Ng3 Bb1 98. e5 Bh7 99. e6 Bd3 100. Nf5 Kh7 101. Nd6 Bc2 102. e7 Bg6 103. e8=Q Bxe8 104. Nxe8 Kg8 105. Kg6 Kh8 106. Nd6 1-0